Map: Lerilak Crest

Players

Bookman - Winner!

  • Race: Terran Terran
  • League: Gold

capac

  • Race: Terran Terran
  • League: Gold

VOD

Have the link to the VOD?

Description

Time

  • Played on: March 20, 2016, 2:02 p.m.
  • Length: 15:40
Show
View Real Time Build Order
Export as new Build Order

Bookman Terran - Winner!

Build Orders: MMM Bio 

Get SALT Encoding   

  12  0:01  SCV  
  13  0:15  SCV  
  13  0:18  Supply Depot  
  14  0:28  Refinery  
  14  0:29  SCV  
  15  0:41  Barracks  
  15  0:45  SCV  
  16  0:58  SCV  
  17  1:07  Barracks  
  17  1:11  SCV  
  18  1:27  SCV  
  18  1:31  Reaper  
  20  1:34  Refinery  
  20  1:48  Orbital Command  
  20  1:57  Supply Depot  
  20  2:00  Reaper  
  20  2:17  Reaper  
  20  2:21  SCV  
  22  2:42  Reaper  
  23  2:49  SCV  
  24  2:53  Command Center  
  24  3:05  Reaper  
  25  3:21  Reaper  
  24  4:06  Reaper x2  
  25  4:15  Orbital Command  
  24  4:20  Factory  
  24  4:22  Barracks  
  24  4:25  Barracks  
  24  4:26  SCV  
  24  4:27  Engineering Bay  
  25  4:34  Barracks, Command Center  
  25  4:38  SCV  
  26  4:43  Reaper x2  
  28  4:50  SCV  
  29  4:54  Orbital Command  
  29  5:04  Terran Infantry Weapons Level 1, Supply Depot  
  29  5:11  SCV  
  30  5:19  SCV  
  31  5:23  Factory Reactor  
  31  5:26  Factory  
  32  5:28  SCV  
  32  5:30  Supply Depot  
  32  5:32  Barracks Tech Lab x2  
  32  5:33  Barracks Tech Lab  
  32  5:40  Barracks Reactor  
  32  5:47  SCV  
  32  5:49  SCV  
  35  5:51  Orbital Command  
  34  6:06  Marine  
  34  6:07  Marauder x3  
  41  6:12  Orbital Command  
  41  6:13  Factory Tech Lab  
  41  6:14  Starport, SCV  
  42  6:24  Marine, Stimpack  
  43  6:28  Marauder, Marine  
  43  6:32  Refinery  
  46  6:41  SCV x2  
  46  6:44  Refinery  
  46  6:46  Refinery  
  48  6:53  Factory Tech Lab  
  43  7:04  SCV x2  
  43  7:08  Refinery, SCV  
  45  7:13  Marauder, Marine x3  
  50  7:16  SCV  
  50  7:17  SCV  
  50  7:20  SCV  
  53  7:24  Supply Depot  
  53  7:27  Engineering Bay, Terran Infantry Armor Level 1  
  53  7:29  SCV  
  54  7:32  Armory  
  54  7:35  Marauder  
  56  7:44  SCV x2  
  58  8:00  Marauder x2, Marine x3  
  58  8:01  Marauder  
  58  8:03  Medivac  
  69  8:17  Marine  
  69  8:18  Marine  
  71  8:22  Marauder  
  71  8:23  Marine  
  71  8:24  Marauder x2  
  77  8:30  Missile Turret  
  77  8:33  Viking, Missile Turret  
  77  8:34  Viking  
  81  8:35  Marine x2  
  81  8:48  Marauder x2, Marine x2  
  84  8:53  Marine x2  
  84  8:56  Terran Infantry Weapons Level 2  
  84  9:00  Supply Depot  
  84  9:01  SCV  
  85  9:06  Missile Turret  
  85  9:12  Marine, SCV  
  85  9:21  Marine x2  
  85  9:22  Marauder x3  
  93  9:57  Supply Depot  
  93  9:59  Supply Depot  
  93  10:00  Marine, Terran Infantry Armor Level 2  
  93  10:01  Marauder x3, Medivac x2  
  104  10:17  SCV  
  104  10:18  Marine, SCV  
  107  10:22  Marauder x2  
  107  10:24  Marine  
  107  10:25  Marauder, Marine  
  107  10:26  Concussive Shells  
  107  10:27  Combat Shields  
  115  10:33  Siege Tank  
  118  10:36  Marine  
  119  10:44  Marauder x2, Marine  
  119  10:46  Marauder  
  119  10:49  Viking  
  128  10:50  Viking  
  128  10:52  SCV x2  
  132  11:27  Marauder  
  95  11:57  Marine x2  
  95  11:58  Marauder x2  
  94  12:13  Marine  
  94  12:14  Marauder, Siege Tank  
  94  12:15  Marine x2, Siege Tank, Medivac x2  
  107  12:19  Marauder x2  
  113  12:31  Marine  
  113  12:32  Marine, SCV  
  113  12:33  Marine  
  113  12:34  SCV x2  
  113  12:35  Marauder  
  121  12:38  Supply Depot  
  121  12:39  Supply Depot  
  121  12:40  Terran Infantry Armor Level 3, Marauder, Terran Infantry Weapons Level 3  
  121  12:42  Ghost Academy  
  121  12:43  Ghost Academy  
  124  12:44  SCV  
  124  12:46  SCV x2  
  126  12:55  Siege Tank x2  
  126  12:56  SCV  
  133  12:59  SCV x2  
  133  13:05  Viking x2  
  137  13:08  SCV  
  120  14:00  Siege Tank x2  
  120  14:02  Viking x2  
  130  14:04  Marauder x2, Marine x2  
  136  14:39  Viking x2  
  136  15:01  Marauder x3, Marine x3  
  145  15:07  Command Center  
  145  15:09  Viking  
  147  15:18  Marine  
  147  15:19  Marine  
Show
View Real Time Build Order
Export as new Build Order

capac Terran 

Build Orders:  

Get SALT Encoding   

  12  0:00  SCV  
  13  0:12  SCV  
  14  0:17  Supply Depot  
  14  0:25  SCV  
  15  0:39  SCV  
  15  0:41  Barracks  
  16  0:45  Refinery  
  16  0:51  SCV  
  17  1:03  SCV  
  18  1:15  SCV  
  19  1:27  SCV  
  19  1:29  Reaper  
  21  1:37  Command Center  
  22  1:46  Orbital Command  
  21  2:01  Supply Depot, Marine  
  22  2:16  Factory  
  22  2:18  SCV  
  23  2:43  Marine  
  24  2:46  SCV  
  24  2:50  Barracks  
  25  2:51  Refinery  
  25  2:53  Engineering Bay  
  25  3:04  Marine  
  26  3:05  Hellion  
  23  3:25  Bunker  
  20  3:48  Hellion  
  18  4:04  SCV  
  13  4:16  SCV  
  14  4:26  Factory Tech Lab  
  14  4:28  SCV  
  15  4:44  Barracks Tech Lab  
  15  4:48  SCV  
  16  4:55  SCV  
  17  5:02  SCV  
  18  5:07  SCV  
  18  5:10  Starport  
  19  5:17  SCV  
  19  5:19  Siege Tank, SCV  
  24  5:29  Barracks Reactor  
  24  5:31  SCV x2  
  26  5:46  SCV  
  26  5:47  SCV  
  28  5:53  Starport Tech Lab  
  28  5:57  Command Center  
  28  6:05  Siege Tank  
  31  6:16  SCV x2  
  33  6:28  Banshee  
  36  6:35  Cloaking Field  
  36  6:42  SCV  
  37  6:50  Orbital Command  
  36  7:12  Orbital Command  
  36  7:22  Banshee  
  39  7:31  Marine x2  
  39  7:32  Marine  
  39  7:33  SCV  
  39  7:34  SCV  
  39  7:36  Orbital Command  
  44  7:43  Orbital Command  
  44  7:45  Siege Tank  
  47  8:01  Orbital Command  
  47  8:10  SCV  
  48  8:41  Siege Tank  
  48  8:49  Orbital Command  
  48  9:18  SCV  
  48  9:40  Viking  
  48  9:41  SCV  
  50  9:53  Marine x2, SCV  
  50  9:54  Marine  
  54  10:05  SCV  
  53  10:10  Viking  
  54  10:18  SCV  
  54  10:45  Siege Tank  
  54  10:49  Viking  
  59  11:08  Marine x2  
  61  11:41  Marine x2  
  61  11:43  Viking  
  57  11:53  Marine  
  56  11:59  Marine x2  
  52  12:18  Marine x2  
  52  12:19  Marine  
  55  12:25  Viking  
  55  12:26  Siege Tank  
  60  12:59  Medivac  
  61  13:11  Orbital Command  
  58  13:33  Marine x3  
  51  14:04  Orbital Command  
  51  14:13  Medivac  
  53  14:21  Barracks  
  53  14:24  Starport  
Tags
 
Composition
MMM Bio
League
GoldGold
Matchup
TvT
Race
Terran
Add a new tag
Caveats
  • Supply blocks, unpowered buildings, or Contaminate may cause inaccurate times.
  • Supply counts are checked every 10 seconds.